 Dungeon Sprint DCSS version 0.17-a0-1939-ga475588 (webtiles) character file.

6157 ololoev the Stickfighter (level 10, -1/103 HPs)
             Began as a Minotaur Gladiator on Sept 29, 2015.
             Was a High Priest of Okawaru.
             Slain by a wandering mushroom (6 damage)
             ... in the Dungeon (Sprint III: "The Ten Rune Challenge").
             The game lasted 00:07:34 (725 turns).

ololoev the Stickfighter (Minotaur Gladiator)        Turns: 725, Time: 00:07:34

Health: -1/103     AC:  6    Str: 23    XL:     10   Next: 60%
Magic:  13/13      EV: 18    Int:  5    God:    Okawaru [*****.]
Gold:   1905       SH:  0    Dex: 11    Spells: 0 memorised, 9 levels left

rFire  . . .     SeeInvis .     a - +0 quarterstaff
rCold  . . .     Clarity  .     b - +0 leather armour
rNeg   . . .     SustAt   .     (no shield)
rPois  .         Gourm    .     (helmet restricted)
rElec  .         Spirit   .     l - +0 cloak
rCorr  .         Warding  .     (no gloves)
rMut   .         NoTele   +     (no boots)
MR     .....                    (no amulet)
Stlth  +.........               (no ring)
                                (no ring)

@: lethally poisoned (-1 -> -1), flying, not resistant to hostile enchantments,
very unstealthy
A: retaliatory headbutt, horns 2, molten scales 1
a: Heroism, Finesse, Renounce Religion


Innate Abilities, Weirdness & Mutations

You reflexively headbutt those who attack you in melee.
You have a pair of horns on your head.
You are partially covered in molten scales (AC +1).

Inventory:

Hand weapons
 a - a +0 quarterstaff (weapon)
Missiles
 d - 5 throwing nets (quivered)
Armour
 b - a +0 leather armour (worn)
 l - a +0 cloak (worn)
Magical devices
 h - a wand of digging (15)
 m - a wand of digging (6)
Scrolls
 k - a scroll of blinking
 o - 3 scrolls of remove curse
Potions
 i - 2 potions of magic
 t - a potion of cure mutation
Miscellaneous
 j - a phial of floods
Comestibles
 e - 2 bread rations
 p - 2 royal jellies


   Skills:
 + Level 14.1 Fighting
 * Level 19.0 Staves
 - Level 2.0 Throwing
 + Level 7.5 Armour
 + Level 13.2 Dodging
 + Level 5.7 Evocations


You had 9 spell levels left.
You didn't know any spells.
You were in the Dungeon. You worshipped Okawaru. Okawaru was extremely pleased with you. You were not hungry. You visited 1 branch You collected 1905 gold pieces. .'.⌠........#.#...###..#.'...# .#...######'#.###..#.†.######### .#.⌠.#_v#...#'####.##..######..## .#...#__#...#..).#.........#..... .#+###__#...##)#).#.)....#)...^.. .# #__#..))##)#.#.............. .# #_.+...#.).#......#..'..†... ▓▓ ▓▓▓▓▓▓▓▓▓▓▓▓▓▓▓▓▓▓▓▓▓#.....^ ≈≈≈.f.f@...≈≈≈...#.^.... ♣≈≈≈≈≈≈≈≈≈≈≈≈♣♣P.'...... ♣♣♣♣♣♣♣♣♣♣♣♣♣♣♣PP#.^.... ♣♣♣##+####

Notes
Turn   | Place    | Note
--------------------------------------------------------------
     0 | D        | ololoev the Minotaur Gladiator began the quest for the Orb.
     0 | D        | Reached XP level 1. HP: 18/18 MP: 0/0
     8 | D        | Reached skill level 4 in Staves
    13 | D        | Reached skill level 5 in Staves
    13 | D        | Reached XP level 2. HP: 24/26 MP: 1/1
    49 | D        | Noticed a scorpion
    56 | D        | Killed a scorpion
    56 | D        | Reached skill level 5 in Fighting
    56 | D        | Reached skill level 7 in Staves
    56 | D        | Reached skill level 5 in Dodging
    56 | D        | Reached XP level 3. HP: 36/36 MP: 2/2
    63 | D        | Reached XP level 4. HP: 36/42 MP: 3/3
   171 | D        | Gained mutation: You have a pair of large horns on your head. [potion of mutation]
   171 | D        | Gained mutation: You are partially covered in molten scales (AC +1). [potion of mutation]
   171 | D        | Gained mutation: Your natural rate of healing is unusually fast. [potion of mutation]
   236 | D        | Noticed a water elemental
   243 | D        | Killed a water elemental
   243 | D        | Reached skill level 9 in Staves
   243 | D        | Reached XP level 5. HP: 46/51 MP: 4/4
   247 | D        | Found a glowing silver altar of Zin.
   248 | D        | Found a glowing golden altar of the Shining One.
   248 | D        | Found a white marble altar of Elyvilon.
   248 | D        | Noticed a deep elf priest
   251 | D        | Killed a white draconian scorcher
   256 | D        | Killed a deep elf priest
   256 | D        | Reached skill level 11 in Staves
   256 | D        | Reached XP level 6. HP: 53/62 MP: 5/5
   261 | D        | Found an iron altar of Okawaru.
   261 | D        | Found a bloodstained altar of Trog.
   261 | D        | Noticed a human
   261 | D        | Noticed a human
   276 | D        | Killed a human
   276 | D        | Reached skill level 12 in Staves
   285 | D        | Killed a human
   285 | D        | Reached skill level 13 in Staves
   285 | D        | Reached XP level 7. HP: 46/71 MP: 6/6
   288 | D        | Killed a yaktaur
   290 | D        | Became a worshipper of Warmaster Okawaru
   296 | D        | Found a basalt altar of Yredelemnul.
   296 | D        | Found a snail-covered altar of Cheibriados.
   296 | D        | Found a blossoming altar of Fedhas.
   296 | D        | Noticed a necrophage
   296 | D        | Noticed a necromancer
   299 | D        | Killed a necromancer
   304 | D        | Killed a necrophage
   304 | D        | Reached skill level 10 in Fighting
   311 | D        | Noticed a jelly
   312 | D        | Noticed a shadow
   315 | D        | Killed a jelly
   315 | D        | Reached skill level 14 in Staves
   315 | D        | Killed a white draconian scorcher
   318 | D        | Killed a shadow
   318 | D        | Acquired Okawaru's first power
   318 | D        | Reached skill level 10 in Dodging
   325 | D        | Found a stormy altar of Qazlal.
   325 | D        | Found a sacrificial altar of Ru.
   325 | D        | Found a burning altar of Makhleb.
   325 | D        | Found a shimmering altar of Xom.
   326 | D        | Found a viscous altar of Jiyva.
   326 | D        | Found a shadowy altar of Dithmenos.
   326 | D        | Found a sparkling altar of Nemelex Xobeh.
   326 | D        | Found a corrupted altar of Lugonu.
   326 | D        | Found an opulent altar of Gozag.
   326 | D        | Noticed a spatial vortex
   358 | D        | Noticed a two-headed ogre
   358 | D        | Noticed a two-headed ogre
   360 | D        | Noticed a two-headed ogre
   363 | D        | Killed a two-headed ogre
   363 | D        | Reached XP level 8. HP: 78/81 MP: 7/7
   368 | D        | Killed a two-headed ogre
   372 | D        | Noticed a hill giant
   372 | D        | Killed a two-headed ogre
   383 | D        | Killed a hill giant
   383 | D        | Reached skill level 15 in Staves
   386 | D        | Noticed an orc priest
   387 | D        | Noticed an orc warrior
   407 | D        | Killed an orc priest
   413 | D        | Noticed an orc warrior
   417 | D        | Noticed an orc priest
   417 | D        | Noticed an orc high priest
   418 | D        | Noticed an orc priest
   432 | D        | Killed an orc warrior
   433 | D        | Killed an orc priest
   435 | D        | Killed an orc priest
   446 | D        | Killed an orc high priest
   446 | D        | Reached skill level 16 in Staves
   446 | D        | Reached XP level 9. HP: 66/90 MP: 6/8
   457 | D        | Killed an orc warrior
   463 | D        | Found Derhiozu's Food Emporium.
   463 | D        | Noticed an orc wizard
   477 | D        | Killed an orc wizard
   543 | D        | Noticed a hill giant
   543 | D        | Noticed Erolcha
   556 | D        | Killed a hill giant
   556 | D        | Reached skill level 1 in Armour
   556 | D        | Reached skill level 1 in Evocations
   591 | D        | Killed Erolcha
   591 | D        | Reached skill level 17 in Staves
   595 | D        | Noticed a trapdoor spider
   603 | D        | Killed a trapdoor spider
   608 | D        | Noticed a deep elf priest
   608 | D        | Noticed a deep elf knight
   608 | D        | Noticed a deep elf priest
   608 | D        | Noticed a deep elf summoner
   608 | D        | Noticed a deep elf summoner
   623 | D        | Killed a deep elf knight
   623 | D        | Reached skill level 5 in Armour
   634 | D        | Noticed a demonic crawler
   636 | D        | Killed a deep elf summoner
   636 | D        | Reached skill level 18 in Staves
   636 | D        | Reached XP level 10. HP: 47/101 MP: 10/12
   639 | D        | Killed a deep elf priest
   641 | D        | Killed a deep elf priest
   641 | D        | Acquired Okawaru's second power
   644 | D        | Killed a deep elf summoner
   644 | D        | Reached skill level 5 in Evocations
   659 | D        | Noticed a deep elf demonologist
   663 | D        | Killed a yaktaur
   673 | D        | Noticed a trapdoor spider
   674 | D        | Noticed a redback
   680 | D        | Killed a trapdoor spider
   684 | D        | Killed a redback
   687 | D        | Lost mutation: Your natural rate of healing is unusually fast. [potion of cure mutation]
   687 | D        | Lost mutation: You have a pair of large horns on your head. [potion of cure mutation]
   709 | D        | Noticed a wandering mushroom
   713 | D        | Noticed a wandering mushroom
   715 | D        | Noticed a wandering mushroom
   718 | D        | HP: 5/103 [wandering mushroom (7)]
   721 | D        | Killed a wandering mushroom
   721 | D        | Reached skill level 19 in Staves
   724 | D        | HP: 5/103 [poisoned by a redback]
   725 | D        | Slain by a wandering mushroom

Dungeon Overview and Level Annotations

Branches:
Dungeon (1/1)

Altars:
Cheibriados
Dithmenos
Elyvilon
Fedhas
Gozag
Makhleb
Nemelex Xobeh
Okawaru
Qazlal
Ru
Trog
Xom
Yredelemnul
Zin
The Shining One
Jiyva
Lugonu

Shops:
D %


Message History

A net drops to the ground!
d - 5 throwing nets (gained 1)
You feel sick.
You feel sick.
You found a net trap!
You feel sick.
You feel sick.
You reach down and open the door.
A wandering mushroom comes into view.
You feel sick.
There is an open door to the Lair of Beasts here.
You feel sick.
A wandering mushroom comes into view.
You feel sick.
A wandering mushroom comes into view.
The wandering mushroom misses you.
You thump the wandering mushroom!
The wandering mushroom is moderately damaged.
You feel a little less mighty now.
The wandering mushroom completely misses you.
You sock the wandering mushroom!
The wandering mushroom is heavily damaged.
You hit the wandering mushroom but do no damage.
You headbutt the wandering mushroom.
The wandering mushroom is heavily damaged.
You feel sick.
The wandering mushroom releases spores at you!
You are engulfed in a cloud of spores!
You hit the wandering mushroom. You headbutt the wandering mushroom.
The wandering mushroom is severely damaged.
The wandering mushroom misses you.
You hit the wandering mushroom but do no damage.
You headbutt the wandering mushroom.
The wandering mushroom is severely damaged.
You hit the wandering mushroom. You headbutt the wandering mushroom.
You destroy the wandering mushroom!
Your Staves skill increases to level 19!
You feel sick.
The wandering mushroom releases spores at you.
You die...

You could see 2 wandering mushrooms.

Vanquished Creatures
  Erolcha (D)
  An orc high priest (D)
  A small abomination (D)
  A deep elf knight (D)
  2 deep elf summoners (D)
  3 deep elf priests (D)
  A wandering mushroom (D)
  A shadow (D)
  2 trapdoor spiders (D)
  A redback (D)
  2 hill giants (D)
  2 orc warriors (D)
  A necrophage (D)
  2 two-headed ogres (D)
  A water elemental (D)
  A scorpion (D)
  3 orc priests (D)
  An orc wizard (D)
  A jelly (D)
  A necromancer (D)
  3 humans (D)
  2 oozes (D)
  11 orcs (D)
  2 rats (D)
47 creatures vanquished.

Vanquished Creatures (collateral kills)
  A two-headed ogre (D)
1 creature vanquished.

Vanquished Creatures (others)
  2 draconian scorchers (D)
  2 yaktaurs (D)
4 creatures vanquished.

Grand Total: 52 creatures vanquished

Action                   |  1- 3 |  4- 6 |  7- 9 | 10-12 || total
-------------------------+-------+-------+-------+-------++-------
Melee: Quarterstaff      |    20 |    32 |   109 |    22 ||   183
Invok: Heroism           |       |       |     4 |       ||     4
Evoke: Phial of floods   |       |       |     2 |       ||     2
  Use: Potion            |     1 |     3 |     1 |     5 ||    10
       Scroll            |       |     4 |       |       ||     4
 Stab: Sleeping          |       |       |     1 |       ||     1
       Distracted        |       |       |     1 |       ||     1
  Eat: Chunk             |       |       |       |     1 ||     1

Vault maps used:
D:        dungeon_sprint_mu
